 Dungeon Crawl Stone Soup version 0.28-a0-514-g0d7ab7f379 (webtiles) character file.

Game seed: 18263203842536629206

0 willcat the Sneak (level 1, -4/16 HPs)
             Began as an Octopode Delver on Sept 22, 2021.
             Slain by a lemure (7 damage)
             ... led by Pikel
             ... on level 5 of the Dungeon.
             The game lasted 00:00:07 (14 turns).

willcat the Sneak (Octopode Delver)                   Turns: 14, Time: 00:00:07

Health: -4/16      AC:  1    Str: 11    XL:     1   Next: 0%
Magic:  1/1        EV: 13    Int: 12    God:
Gold:   0          SH:  0    Dex: 13    Spells: 0/0 levels left

rFire   . . .      SeeInvis .   a - +0 short sword
rCold   . . .      Faith    .   (no shield)
rNeg    . . .      Spirit   .   (helmet restricted)
rPois   .          Reflect  .   (no amulet)
rElec   .          Harm     .   (no ring)
rCorr   .          Rampage  .   (no ring)
Will    .....                   (no ring)
Stlth   ++++......              (no ring)
HPRegen 0.05/turn               (no ring)
MPRegen 0.07/turn               (no ring)
                                (no ring)
                                (no ring)

@: no status effects
A: almost no armour, amphibious, 8 rings, camouflage 1, gelatinous body 1,
(nimble swimmer 1), tentacles
a: no special abilities


You were on level 5 of the Dungeon.
You visited 1 branch of the dungeon, and saw 1 of its levels.

Inventory:

Hand Weapons
 a - a +0 short sword (weapon)
Wands
 f - a wand of digging (3)
Scrolls
 b - a scroll of fog
 c - a scroll of magic mapping
 d - a scroll of fear
 g - a scroll of vulnerability {unknown}
Potions
 e - a potion of haste


   Skills:
 - Level 3.0 Fighting
 + Level 2.0 Short Blades
 + Level 2.0 Dodging
 + Level 6.6 Stealth


You couldn't memorise any spells.
You didn't know any spells.
Your spell library was empty.

Dungeon Overview and Level Annotations

Branches:
Dungeon (5/15)
 Temple: D:4-7

Altars:

Annotations:
D:5 Pikel


Innate Abilities, Weirdness & Mutations

You cannot wear most types of armour.
You are amphibious.
You can wear up to eight rings at the same time.
Your skin changes colour to match your surroundings (Stealth+).
Your rubbery body absorbs attacks. (AC +1, EV +1)
((You are camouflaged near water. (Stealth+)))
You have tentacles for arms and can constrict up to eight enemies at once.


Message History

Found two stone staircases leading down.
Unknown command.
Unknown command.
Unknown command.
Found a stone staircase leading up.
g - a scroll labelled PIGRAOLIFUSCH A white imp comes into view.
A white imp is nearby! 2 lemures come into view.
A lemure and Pikel come into view.
Pikel is wielding a +1 whip of flaming and carrying a wand of flame (21).
Found a pair of glowing boots and 12 gold pieces.
You closely miss the white imp.
The white imp shouts, "Take thy face hence, thou mewling doghearted buzzard-bait!"
Your grab misses the white imp.
The lemure shouts!
You hear a shout! x2; Pikel shouts!
The white imp hits you. The white imp freezes you.
An orc comes into view. It is wielding a +0 flail.
The lemure shouts!
You hit the white imp but do no damage. You grab the white imp.
You constrict the white imp. The white imp gestures at you.
The puff of frost misses you.
You hit the white imp but do no damage. You squeeze the white imp.
The white imp is heavily wounded.
You constrict the white imp.
A lemure comes into view.
The white imp closely misses you.
Unknown command.
You hit the white imp but do no damage.
The white imp is heavily wounded.
You constrict the white imp, but do no damage.
The white imp hits you. The white imp freezes you. The lemure hits you.
* * * LOW HITPOINT WARNING * * *
Unknown command.
Unknown command.
You hit the white imp. You squeeze the white imp.
You kill the white imp!
The lemure hits you!
You die...

#..........#
#....###....
####....###<...
#.............
#..........#.
#.........##
#######..##
##.# #@# #5o#
55.$# K5....#
.....#...
...........
[....... ....
#.........#$..


You could see Pikel, 4 lemures and an orc.

Vanquished Creatures
  A white imp (D:5)
1 creature vanquished.

Notes
Turn   | Place    | Note
-------+----------+-------------------------------------------
     0 | D:5      | willcat the Octopode Delver began the quest for the Orb.
     0 | D:5      | Reached XP level 1. HP: 16/16 MP: 1/1
     8 | D:5      | Noticed a lemure
     8 | D:5      | Noticed a lemure
     9 | D:5      | Noticed Pikel
     9 | D:5      | Noticed a lemure
    12 | D:5      | Noticed a lemure
    14 | D:5      | Slain by a lemure

Illustrated notes

Levels and vault maps discovered:
D:5:      layout_rooms, uniq_pikel, uniq_duvessa

Action                   || total
-------------------------++-------
Melee: Short sword       ||     5
       Tentacles         ||     2
       Constrict         ||     1
Dodge: Dodged            ||     2

Table legend: (Time is in decaauts)
 A = Elapsed time spent in this place.
 B = Non-inter-level travel time spent in this place.
 C = Inter-level travel time spent in this place.
 D = Time resting spent in this place.
 E = Time spent auto-exploring this place.
 F = Levels seen in this place.
 G = Mean time per level.
                   A        B        C        D        E       F      G
               +--------+--------+--------+--------+--------+-----+--------+
         Total |     14 |     14 |      0 |      0 |      4 |   1 |   14.0 |
       Dungeon |     14 |     14 |      0 |      0 |      4 |   1 |   14.0 |
               +--------+--------+--------+--------+--------+-----+--------+

Top non-repeatable levels by time:
     D:5: 14 daAuts
